 Dungeon Crawl Stone Soup version 0.20-a0-972-gb9bd3e6 (webtiles) character file.

54 MTVSty1e the Skirmisher (level 3, -2/27 HPs)
             Began as a Felid Berserker on Apr 9, 2017.
             Was a Believer of Trog.
             Slain by an adder (5 damage)
             ... on level 3 of the Dungeon.
             The game lasted 00:02:59 (1993 turns).

MTVSty1e the Skirmisher (Felid Berserker)           Turns: 1993, Time: 00:02:59

Health: -2/27      AC:  1    Str: 19    XL:     3   Next: 66%
Magic:  4/4        EV: 19    Int:  8    God:    Trog [**....]
Gold:   52         SH:  0    Dex: 15    Spells: 2/2 levels left
                                        Lives:  0   Deaths: 0

rFire    . . .     SeeInvis +     - Unarmed
rCold    . . .     Gourm    .   (shield unavailable)
rNeg     . . .     Faith    .   (armour unavailable)
rPois    .         Spirit   .   (helmet unavailable)
rElec    .         Reflect  .   (cloak unavailable)
rCorr    .         Harm     .   (gloves unavailable)
MR       .....                  (boots unavailable)
Stlth    ..........             (no amulet)
Regen    0.1/turn               (no ring)
MPRegen  0.1/turn               (no ring)

@: berserking, lethally poisoned (-2 -> -5), very quick
A: no armour, no weapons or thrown items, stealth, claws 1, fangs 3, see
invisible, carnivore 3, speed 1, shaggy fur 1, slow metabolism 1, sharp paws
a: Berserk, Trog's Hand, Burn Spellbooks, Renounce Religion


You were on level 3 of the Dungeon.
You worshipped Trog.
Trog was pleased with you.
You were not hungry.

You visited 1 branch of the dungeon, and saw 3 of its levels.

You collected 52 gold pieces.

Inventory:

Jewellery
 g - an uncursed ring of protection from cold {unknown}
Scrolls
 a - a scroll of immolation {unknown}
 d - 2 scrolls of teleportation {unknown}
 e - 5 scrolls of identify {unknown}
 f - a scroll of enchant armour {unknown}
Potions
 b - 2 potions of mutation {unknown}
 c - a potion of berserk rage {unknown}
 h - a potion of haste {unknown}
 i - a potion of invisibility {unknown}
Comestibles
 j - a meat ration


   Skills:
 * Level 4.4 Fighting
 - Level 4.0 Dodging
 + Level 1.3 Stealth
 - Level 3.1 Unarmed Combat


You had 2 spell levels left.
You didn't know any spells.

Dungeon Overview and Level Annotations

Branches:
Dungeon (3/15)

Altars:


Innate Abilities, Weirdness & Mutations

You cannot wear armour.
You are incapable of wielding weapons or throwing items.
Your paws allow you to move quietly. (Stealth)
You have sharp claws.
You have razor-sharp teeth.
You have supernaturally acute eyesight. (SInv)
You are carnivorous and can eat meat at any time.
You cover ground quickly.
You are covered in fur. (AC +1)
You have a slow metabolism.
Your sharp claws are effective at attacking unaware monsters.


Message History

You are poisoned.
The adder poisons you!
You barely miss the adder.
You feel sick. The adder misses you.
You closely miss the adder. The adder barely misses you. The adder bites you.
You are too injured to fight recklessly!
You are too injured to fight recklessly!
You are too injured to fight recklessly!
You scratch the adder but do no damage.
You feel sick. The adder bites you.
* * * LOW HITPOINT WARNING * * *
You scratch the adder.
The adder is heavily wounded.
The adder completely misses you.
A red film seems to cover your vision as you go berserk!
You feel yourself moving faster!
You feel mighty!
* * * LOW HITPOINT WARNING * * *
You feel sick. The adder misses you.
You barely miss the adder.
The adder is heavily wounded.
The adder bites you.
You die...

..######.##.
...##....##.
.....#####. #...## #<(
##..###.) ####.....† #
#####.........
###.#####.....######..
#....@<...##### ......
#...S###### (.....>
#.... #.##### #.... .
#####


You could see an adder.

Vanquished Creatures
  2 adders
  A dart slug (D:2)
  2 leopard geckos (D:1)
  An orc (D:3)
  2 giant cockroaches (D:2)
  2 goblins
  4 hobgoblins
  3 jackals (D:1)
  2 quokkas
  4 bats
  2 frilled lizards
  2 kobolds
  4 rats
31 creatures vanquished.

Notes
Turn   | Place    | Note
-------+----------+-------------------------------------------
     0 | D:1      | MTVSty1e the Felid Berserker began the quest for the Orb.
     0 | D:1      | Reached XP level 1. HP: 10/10 MP: 2/2
   349 | D:1      | Reached XP level 2. HP: 12/14 MP: 3/3
  1193 | D:2      | Reached XP level 3. HP: 10/18 MP: 4/4
  1923 | D:3      | Reached ** piety under Trog
  1923 | D:3      | Reached skill level 1 in Stealth
  1993 | D:3      | Slain by an adder

Vault maps used:
D:1:      lightli_arrival_flooded_house
D:3:      zin_scriptorium, portal_sewer_entry_f, uniq_crazy_yiuf_cottage

Skill      XL: |  1  2  3 |
---------------+----------+-----
Fighting       | 4 |  4.4
Stealth        | 1 |  1.3
Dodging        | |  4.0
Unarmed Combat | |  3.1

Action                   || total
-------------------------++-------
Melee: Unarmed           ||    98
       Bite              ||     4
Invok: Berserk           ||     2
  Use: Potion            ||     2
 Stab: Sleeping          ||     2
  Eat: Meat ration       ||     1
Armor: Skin              ||     2
Dodge: Dodged            ||    92
